 Dungeon Crawl Stone Soup version 0.22.1-2-g9c5b331 (webtiles) character file.

14115 Goblin1989 the Cleaver (level 12, -4/110 HPs)
             Began as a Naga Berserker on Dec 6, 2018.
             Was an Elder of Trog.
             Slain by a nine-headed hydra (7 damage)
             ... on level 1 of the Lair of Beasts.
             The game lasted 00:35:27 (15665 turns).

Goblin1989 the Cleaver (Naga Berserker)            Turns: 15665, Time: 00:35:28

Health: -4/110     AC: 14    Str: 24    XL:     12   Next: 13%
Magic:  12/12      EV: 10    Int:  7    God:    Trog [****..]
Gold:   217        SH:  4    Dex: 16    Spells: 11/11 levels left

rFire    . . .     SeeInvis +   x - +5 battleaxe (freeze)
rCold    . . .     Gourm    .   (shield currently unavailable)
rNeg     . . .     Faith    .   M - +0 chain mail {rPois}
rPois    +         Spirit   .   (no helmet)
rElec    .         Reflect  +   S - +2 cloak
rCorr    .         Harm     .   R - +0 pair of gloves
MR       +++..                  (no barding)
Stlth    ..........             z - +4 amulet of reflection
HPRegen  1.28/turn              (no ring)
MPRegen  0.13/turn              w - +4 ring of dexterity

@: regenerating, very slow
A: large, see invisible, deformed body, poison resistance, slowness 2, slow
metabolism 1, spit poison 1, AC +4
a: Spit Poison, Berserk, Trog's Hand, Brothers in Arms, Renounce Religion


You were on level 1 of the Lair of Beasts.
You worshipped Trog.
Trog was greatly pleased with you.
You were hungry.

You visited 2 branches of the dungeon, and saw 12 of its levels.

You collected 653 gold pieces.
You spent 436 gold pieces at shops.

Inventory:

Hand Weapons
 a - a +3 hand axe
 r - a +2 triple crossbow of freezing
 x - a +5 battleaxe of freezing (weapon)
 C - a +2 antimagic hand axe
 E - a +0 whip of pain
 I - a +2 dire flail of protection
Missiles
 L - 68 bolts
Armour
 m - a +3 troll leather armour {Snorg}
 G - a +0 plate armour
 M - a +0 chain mail of poison resistance (worn)
 R - a +0 pair of gloves (worn)
 S - a +2 cloak (worn)
Jewellery
 w - a +4 ring of dexterity (right hand)
 z - a +4 amulet of reflection (around neck)
Wands
 t - a wand of acid (9) {@v2}
 y - a wand of random effects (41)
 N - a wand of disintegration (36)
 O - a wand of enslavement (22)
 U - a wand of paralysis (27) {@v7}
 V - a wand of scattershot (6) {@v5}
 Y - a wand of iceblast (17) {@v4}
Scrolls
 i - 3 scrolls of enchant armour {unknown}
 o - a scroll of magic mapping {unknown}
 q - a scroll of random uselessness {unknown}
 A - a scroll of blinking {unknown}
 D - 8 scrolls of remove curse {@r3}
 H - 3 scrolls of fog {unknown}
 J - 3 scrolls of enchant weapon {unknown}
 P - a scroll of noise {unknown}
 Q - 3 scrolls of amnesia {unknown}
 T - 2 scrolls of teleportation {unknown}
Potions
 h - 3 potions of heal wounds {@q2}
 k - 5 potions of lignification
 n - 4 potions of curing {@q1}
 p - 3 potions of flight
 u - 2 potions of ambrosia
 v - 2 potions of resistance
 B - a potion of invisibility
 F - a potion of cancellation {unknown}
 K - a potion of mutation {unknown}
 W - 3 potions of agility
 X - a potion of might {@q4}
 Z - 3 potions of brilliance {unknown}
Comestibles
 e - 7 rations


   Skills:
 + Level 8.0 Fighting
 * Level 13.5(13.6) Axes
 - Level 2.2(9.3) Maces & Flails
 + Level 3.7 Crossbows
 + Level 6.4 Armour
 + Level 6.3 Dodging


You had 11 spell levels left.
You didn't know any spells.
Your spell library was empty.

Dungeon Overview and Level Annotations

Branches:
Dungeon (11/15)            Temple (0/1) D:7            Lair (1/6) D:10
    Orc (0/2) D:10

Altars:
Cheibriados
Dithmenos
Elyvilon
Makhleb
Okawaru
Ru
Trog
Uskayaw
Vehumet

Shops:
D:5 (}*:(   D:9 :

Annotations:
D:7 2 transporters
D:10 5 runed doors
Lair:1 Gastronok, Harold


Innate Abilities, Weirdness & Mutations

You cannot wear boots.
Your serpentine skin is tough. (AC +4)
You have supernaturally acute eyesight. (SInv)
Armour fits poorly on your strangely shaped body.
Your system is resistant to poisons. (rPois)
You cover ground very slowly.
You have a slow metabolism.
You can spit poison.


Message History

The nine-headed hydra bites you.
The nine-headed hydra bites you but does no damage.
You block the nine-headed hydra's attack.
The nine-headed hydra bites you but does no damage.
You block the nine-headed hydra's attack.
The nine-headed hydra bites you but does no damage. x2
The nine-headed hydra bites you!
* * * LOW HITPOINT WARNING * * *
The yak barely misses your ogre.
You take 15 damage, and have 49/110 hp.
Unknown command.
Your skin crawls.
You feel resistant to hostile enchantments.
You feel somewhat more hungry.
Your ogre hits the yak with a giant spiked club!
Harold gestures at you while chanting. You resist with significant effort.
The yak gores your ogre! The nine-headed hydra bites you.
* * * LOW HITPOINT WARNING * * *
You block the nine-headed hydra's attack.
The nine-headed hydra barely misses you.
The nine-headed hydra bites you but does no damage.
The nine-headed hydra barely misses you.
The nine-headed hydra bites you.
* * * LOW HITPOINT WARNING * * *
The nine-headed hydra bites you but does no damage.
The nine-headed hydra bites you!
* * * LOW HITPOINT WARNING * * *
The nine-headed hydra closely misses you.
You take 14 damage, and have 35/110 hp.
You feel much better.
Your ogre hits the yak with a giant spiked club!!
The yak dies!
Trog accepts your kill. The yak completely misses your ogre.
Harold closely misses you.
The nine-headed hydra barely misses you.
The nine-headed hydra bites you!
* * * LOW HITPOINT WARNING * * *
The nine-headed hydra completely misses you.
The nine-headed hydra bites you.
* * * LOW HITPOINT WARNING * * *
The nine-headed hydra bites you but does no damage.
The nine-headed hydra closely misses you.
The nine-headed hydra bites you but does no damage. x3
You regained 11 hp, and now have 46/110 hp.
Unknown command.
Unknown command.
You fail to use your ability.
Your ogre barely misses the yak.
The yak gores your ogre! You block Harold's attack.
The nine-headed hydra barely misses you.
The nine-headed hydra bites you.
* * * LOW HITPOINT WARNING * * *
The nine-headed hydra bites you!
* * * LOW HITPOINT WARNING * * *
The nine-headed hydra bites you!
* * * LOW HITPOINT WARNING * * *
The nine-headed hydra bites you.
* * * LOW HITPOINT WARNING * * *
The nine-headed hydra completely misses you.
The nine-headed hydra bites you.
* * * LOW HITPOINT WARNING * * *
The nine-headed hydra bites you.
* * * LOW HITPOINT WARNING * * *
The nine-headed hydra bites you.
* * * LOW HITPOINT WARNING * * *
The yak barely misses your ogre.
Your ogre hits the yak with a giant spiked club!!
You take 44 damage, and have 2/110 hp.
MASSIVE DAMAGE!!
Unknown command.
You feel much better. The yak gores your ogre!
Your ogre dies!
Your ogre's corpse disappears in a puff of smoke!
Harold hits you but does no damage.
The nine-headed hydra bites you but does no damage. x2
The nine-headed hydra bites you!
* * * LOW HITPOINT WARNING * * *
The nine-headed hydra misses you. The nine-headed hydra bites you.
* * * LOW HITPOINT WARNING * * *
The nine-headed hydra bites you.
* * * LOW HITPOINT WARNING * * *
The nine-headed hydra bites you.
* * * LOW HITPOINT WARNING * * *
The nine-headed hydra bites you.
* * * LOW HITPOINT WARNING * * *
The nine-headed hydra bites you but does no damage.
You regained 6 hp, and now have 8/110 hp.
Unknown command.
Okay, then.
Unknown command.
Evoke which item? (* to show all) (? for menu, Esc to quit)
Aiming: Scattershot
Press: ? - help, Shift-Dir - straight line, f/p - nine-headed hydra
Aim: a nine-headed hydra (heavily wounded)
The burst of metal fragments hits the nine-headed hydra. x4
The nine-headed hydra is almost dead.
Harold hits you with a mace!
* * * LOW HITPOINT WARNING * * *
The nine-headed hydra bites you but does no damage.
The nine-headed hydra bites you!
You die...

...........██
............
...........█
....%......█
.........█
....H..█
█†rY..█
█.?D@.█
█.Y@..█
█...<.█
█......█
█.....██
█......P
██..w..██
█.....█
.......
██$....█


You could see Gastronok, Harold, a nine-headed hydra, a hippogriff, 2 yaks and a
porcupine.

Vanquished Creatures
  Snorg (D:11)
  2 two-headed ogres
  An unseen horror (D:9)
  An ugly thing (D:11)
  2 manticores (D:11)
  2 cyclopes (D:11)
  2 trolls (D:9)
  A hornet (D:9)
  Grinder (D:3)
  4 hippogriffs
  A shadow (D:11)
  A wyvern (D:11)
  A wraith (D:11)
  A hog (shapeshifter) (D:9)
  5 yaks
  3 hogs (D:10)
  A hungry ghost (D:10)
  A human (D:10)
  Edmund (D:5)
  A water moccasin (D:8)
  3 ice beasts
  A sky beast (D:7)
  2 black bears
  A hornet zombie (D:9)
  6 orc warriors
  An eye of draining (D:11)
  2 ogres
  3 necrophages
  A phantom (D:11)
  6 centaurs
  A big kobold (D:11)
  8 bullfrogs
  A water moccasin zombie (D:10)
  A wyvern skeleton (D:11)
  3 scorpions
  A water moccasin skeleton (D:5)
  20 killer bees
  6 wights
  2 howler monkeys
  3 crimson imps
  A jelly (D:11)
  A lava snake (D:10)
  A quasit (D:6)
  2 centaur zombies
  2 bullfrog zombies
  3 hounds
  8 orc wizards
  3 orc priests
  A centaur skeleton (D:6)
  3 iguanas
  Ijyb (D:5)
  13 worker ants
  A killer bee zombie (D:8)
  3 hound zombies
  A hound skeleton (D:5)
  A worker ant zombie (D:10)
  3 gnolls (D:5)
  3 howler monkey skeletons
  15 adders
  4 shadow imps
  A white imp (D:6)
  An ooze (D:3)
  An adder zombie (D:6)
  2 worms
  2 dart slugs
  5 leopard geckos
  36 orcs
  6 ball pythons
  6 giant cockroaches
  13 goblins
  7 hobgoblins
  10 jackals
  14 kobolds
  4 quokkas
  3 bats
  4 frilled lizards
  A quokka zombie (D:7)
  6 rats
297 creatures vanquished.

Vanquished Creatures (collateral kills)
  3 yaks (Lair:1)
  A black bear (D:11)
4 creatures vanquished.

Vanquished Creatures (others)
  An orc wizard (D:11)
1 creature vanquished.

Grand Total: 302 creatures vanquished

Notes
Turn   | Place    | Note
-------+----------+-------------------------------------------
     0 | D:1      | Goblin1989 the Naga Berserker began the quest for the Orb.
     0 | D:1      | Reached XP level 1. HP: 21/21 MP: 1/1
   201 | D:1      | Reached XP level 2. HP: 24/28 MP: 2/2
   936 | D:1      | Reached skill level 4 in Axes
  1140 | D:2      | Reached XP level 3. HP: 34/34 MP: 3/3
  1158 | D:2      | Reached ** piety under Trog
  1177 | D:2      | HP: 1/34 [adder (3)]
  1681 | D:2      | Reached XP level 4. HP: 24/42 MP: 4/4
  2183 | D:2      | Reached skill level 5 in Axes
  2344 | D:2      | Found an iron altar of Okawaru.
  2450 | D:2      | Found a white marble altar of Elyvilon.
  3239 | D:3      | Reached XP level 5. HP: 49/49 MP: 5/5
  3391 | D:3      | Found a shadowy altar of Dithmenos.
  3391 | D:3      | Found a sacrificial altar of Ru.
  3398 | D:3      | Found a burning altar of Makhleb.
  3400 | D:3      | Found a hide-covered altar of Uskayaw.
  3401 | D:3      | Found a bloodstained altar of Trog.
  3563 | D:3      | Noticed Grinder
  3575 | D:3      | Killed Grinder
  3575 | D:3      | Reached skill level 7 in Axes
  3575 | D:3      | Reached XP level 6. HP: 56/56 MP: 6/6
  3877 | D:3      | Found a faded altar of an unknown god.
  4482 | D:4      | Reached XP level 7. HP: 62/62 MP: 7/7
  4699 | D:4      | Reached skill level 8 in Axes
  5570 | D:5      | Entered Level 5 of the Dungeon
  5573 | D:5      | Noticed Edmund
  5587 | D:5      | Killed Edmund
  5587 | D:5      | Reached skill level 9 in Axes
  5590 | D:5      | Reached *** piety under Trog
  5590 | D:5      | Reached XP level 8. HP: 69/69 MP: 8/8
  5989 | D:5      | Found Roby's General Store.
  5993 | D:5      | Bought a scroll of identify for 24 gold pieces
  5993 | D:5      | Bought a scroll of remove curse for 36 gold pieces
  5993 | D:5      | Bought a potion of degeneration for 12 gold pieces
  6056 | D:5      | Found Dykul's Antique Weapon Emporium.
  6331 | D:5      | Noticed Ijyb
  6345 | D:5      | Killed Ijyb
  6345 | D:5      | Reached skill level 10 in Axes
  6744 | D:5      | Found Ajaiz's Antique Weapon Boutique.
  6781 | D:5      | Found Nutuaj's Book Boutique.
  6818 | D:5      | Found Amugumid's Gadget Shoppe.
  8088 | D:6      | Noticed a hippogriff
  8097 | D:6      | Killed a hippogriff
  8216 | D:6      | Reached XP level 9. HP: 76/76 MP: 9/9
  8557 | D:7      | Found a transporter.
  8723 | D:7      | Found a transporter.
  8741 | D:7      | Found a staircase to the Ecumenical Temple.
  8777 | D:7      | Reached skill level 11 in Axes
 10201 | D:8      | Reached **** piety under Trog
 10294 | D:8      | Reached skill level 5 in Fighting
 10563 | D:8      | Reached XP level 10. HP: 86/86 MP: 10/10
 10977 | D:8      | Noticed a two-headed ogre
 10987 | D:8      | Killed a two-headed ogre
 10987 | D:8      | Reached skill level 12 in Axes
 11734 | D:9      | Found a snail-covered altar of Cheibriados.
 11868 | D:9      | Found a radiant altar of Vehumet.
 12099 | D:9      | Found Ymuar's Book Shoppe.
 12138 | D:9      | Reached skill level 5 in Dodging
 12293 | D:9      | Reached skill level 5 in Armour
 12302 | D:9      | Noticed an unseen horror
 12315 | D:9      | Reached XP level 11. HP: 61/97 MP: 3/11
 12341 | D:9      | Killed an unseen horror
 12667 | D:9      | Reached skill level 13 in Axes
 12979 | D:10     | Entered Level 10 of the Dungeon
 12979 | D:10     | Found a runed door.
 13298 | D:10     | Found the +9 staff of Olgreb {rPois}
 13413 | D:6      | You fall through a shaft!
 13450 | D:5      | Bought a glowing triple crossbow for 364 gold pieces
 13621 | D:10     | Found a runed gate.
 13636 | D:10     | Found a runed gate.
 13636 | D:10     | Found a runed gate.
 13644 | D:10     | Found a runed door.
 13646 | D:10     | Found a staircase to the Lair.
 13758 | D:10     | Found a staircase to the Orcish Mines.
 13996 | D:10     | Reached skill level 1 in Crossbows
 14004 | D:10     | Reached ***** piety under Trog
 14402 | D:11     | Noticed a two-headed ogre
 14420 | D:11     | Killed a two-headed ogre
 14530 | D:11     | Noticed a manticore
 14536 | D:11     | Killed a manticore
 14536 | D:11     | Reached skill level 1 in Maces & Flails
 14717 | D:11     | Noticed a cyclops
 14719 | D:11     | Noticed a manticore
 14733 | D:11     | Killed a cyclops
 14744 | D:11     | Killed a manticore
 14954 | D:11     | Noticed a cyan ugly thing
 14963 | D:11     | Killed a cyan ugly thing
 15290 | D:11     | Noticed Snorg
 15300 | D:11     | Killed Snorg
 15300 | D:11     | Reached XP level 12. HP: 107/107 MP: 12/12
 15645 | Lair:1   | Entered Level 1 of the Lair of Beasts
 15645 | Lair:1   | Noticed Harold
 15651 | Lair:1   | Noticed a six-headed hydra
 15660 | Lair:1   | Noticed Gastronok
 15663 | Lair:1   | HP: 4/110 [nine-headed hydra (6)]
 15665 | Lair:1   | Slain by a nine-headed hydra

Skill      XL: |  1  2  3  4  5  6  7  8  9 10 11 12 |
---------------+-------------------------------------+-----
Axes           | 4 5 7 9 10 11 12 13 | 13.5
Armour         | 2 3 5 6 |  6.4
Dodging        | 2 3 5 6 |  6.3
Fighting       | 5 6 7 8 |  8.0
Crossbows      | 3 |  3.7
Maces & Flails | 2 |  2.2

Action                   |  1- 3 |  4- 6 |  7- 9 | 10-12 || total
-------------------------+-------+-------+-------+-------++-------
Melee: Hand axe          |   102 |   192 |   486 |   498 ||  1278
       Battleaxe         |       |       |       |    97 ||    97
Invok: Berserk           |     2 |     4 |    12 |    12 ||    30
       Trog's Hand       |       |     1 |     1 |     5 ||     7
       Brothers in Arms  |       |       |       |     2 ||     2
 Abil: Spit Poison       |     1 |     1 |       |     1 ||     3
Evoke: Wand              |       |       |       |     1 ||     1
  Use: Scroll            |       |       |       |     9 ||     9
       Potion            |       |       |       |     3 ||     3
 Stab: Sleeping          |       |       |     2 |       ||     2
       Distracted        |       |       |     1 |       ||     1
  Eat: Chunk             |     2 |    11 |    21 |    11 ||    45
       Ration            |       |       |     2 |     7 ||     9
Armor: Animal skin       |    13 |     1 |       |       ||    14
       Ring mail         |       |    53 |   127 |       ||   180
       Chain mail        |       |       |    52 |   264 ||   316
Dodge: Dodged            |    61 |    81 |   181 |   229 ||   552
Block: Other             |       |       |    74 |    94 ||   168
       Reflection        |       |       |     2 |     5 ||     7

Vault maps used:
D:1:      evilmike_arrival_crescent, minmay_tetromino_l4
D:2:      marbit_many_paths, elyvilon_altar_5, first_ration
D:3:      chequers_temple_overflow_minitemple, chequers_ecumenical_altar_twisty,
          grunt_ministairs_13, uniq_grinder
D:4:      palyth_stone_intersect
D:5:      serial_shops, nicolae_shop_overgrown_old_shop, nicolae_shop_crystal,
          shop, shop, nicolae_shop_stone, uniq_edmund, uniq_ijyb
D:6:      minmay_fire_ice_demons
D:7:      gammafunk_steamed_eel, minmay_temple_entry_mist
D:9:      vehumet_crystals, basic_altar, serial_shops, nicolae_shop_statue_plus,
          minmay_misc_feat_nine_boxes
D:10:     lair_entry_dummy, serial_undead, serial_undead_b, serial_undead_a,
          serial_undead_f, serial_undead_d, grunt_livestock,
          minmay_guarded_unrand_staff_of_olgreb
D:11:     uniq_snorg
Lair:1:   uniq_gastronok, uniq_harold
